 Dungeon Crawl Stone Soup version 0.29.1 (webtiles) character file.

Game seed: 11659931120367581000

4 AleksM the Poker (level 1, 0/21 HPs)
             Began as a Naga Cinder Acolyte on Sept 14, 2022.
             Was a High Priest of Ignis.
             Slain by an endoplasm (1 damage)
             ... on level 1 of the Dungeon.
             The game lasted 00:03:29 (200 turns).

AleksM the Poker (Naga Cinder Acolyte)               Turns: 200, Time: 00:03:29

Health: 0/21       AC:  1    Str: 16    XL:     1   Next: 70%
Magic:  2/2        EV:  9    Int: 14    God:    Ignis [*****.]
Gold:   10         SH:  0    Dex:  6    Spells: 2/2 levels left

rFire   + . .      SeeInvis +   a - -1 spear (flame)
rCold   . . .      Faith    .   (no shield)
rNeg    . . .      Spirit   .   b - +0 robe
rPois   +          Reflect  .   (no helmet)
rElec   .          Harm     .   (no cloak)
rCorr   .          Rampage  .   (no gloves)
Will    .....                   (no barding)
Stlth   +.........              (no amulet)
HPRegen 0.07/turn               (no ring)
MPRegen 0.08/turn               (no ring)

@: very slow
A: AC +0, large, see invisible, deformed body, poison resistance, slowness 2,
spit poison 1, naga tail 1
a: Spit Poison, Renounce Religion, Fiery Armour, Foxfire Swarm, Rising Flame


You were on level 1 of the Dungeon.
You worshipped Ignis.
Ignis was extremely pleased with you.
You visited 1 branch of the dungeon, and saw 1 of its levels.

You collected 10 gold pieces.

Inventory:

Hand Weapons
 a - a -1 spear of flaming (weapon)
 c - a +0 club
 d - a +1 flail of protection
 e - a +0 war axe
Armour
 b - a +0 robe (worn)
Scrolls
 f - a scroll of identify {unknown}


   Skills:
 + Level 3.1 Fighting
 + Level 3.2 Polearms
 + Level 1.0 Spellcasting
 + Level 3.0 Fire Magic


You had 2 spell levels left.
You didn't know any spells.
Your spell library contained the following spells:

 Spells                   Type           Power      Damage    Failure   Level
 Scorch                   Fire           18%        2d5       12%         2


Dungeon Overview and Level Annotations

Branches:
Dungeon (1/15)

Altars:


Innate Abilities, Weirdness & Mutations

Your serpentine skin is tough. (AC +0)
You have supernaturally acute eyesight. (SInv)
Armour fits poorly on your strangely shaped body.
Your system is resistant to poisons. (rPois)
You cover ground very slowly.
You can spit poison.
You have a snake-like lower body.


Message History

You see here a +1 flail of protection.
d - a +1 flail of protection
There is a staircase leading out of the dungeon here.
Found a war axe.
You see here a +0 war axe.
e - a +0 war axe
Found a scroll labelled RIEPIE ONYPN.
An endoplasm comes into view.
The endoplasm quivers.
Found a purple potion and a leather armour.
Found 6 gold pieces.
You see here a scroll labelled RIEPIE ONYPN.
f - a scroll labelled RIEPIE ONYPN The endoplasm hits you but does no damage.
The endoplasm freezes you.
You are frozen.
The endoplasm barely misses you. The endoplasm hits you.
You hit the endoplasm. You burn the endoplasm.
The endoplasm is heavily wounded.
The endoplasm hits you.
* * * LOW HITPOINT WARNING * * *
You barely miss the endoplasm.
The endoplasm is heavily wounded.
The endoplasm freezes you.
You are frozen.
* * * LOW HITPOINT WARNING * * *
You hit the endoplasm but do no damage.
The endoplasm is heavily wounded.
The endoplasm hits you.
* * * LOW HITPOINT WARNING * * *
You hit the endoplasm but do no damage.
The endoplasm is heavily wounded.
The endoplasm freezes you.
You are frozen.
* * * LOW HITPOINT WARNING * * *
You barely miss the endoplasm.
The endoplasm is heavily wounded.
The endoplasm hits you.
You die...

..............#####.##.....# .
..#####....#........##.....##..
....###..#...........#........#
.....##..............#.....#.[.
...#.......#.................!.
..#####.#......................
.## #.#......÷....#..........
## #.#......÷.........##....
#.#.......@J....#........
#.....#.....#.#######...$
#..#.##.......# ...
...............# ..
..?...........#.# .
..............#.# ..........##
..........


You could see an endoplasm.

Vanquished Creatures
  An endoplasm (D:1)
  A goblin (D:1)
  A quokka (D:1)
  A ball python (D:1)
4 creatures vanquished.

Notes
Turn   | Place    | Note
-------+----------+-------------------------------------------
     0 | D:1      | AleksM the Naga Cinder Acolyte began the quest for the Orb.
     0 | D:1      | Reached XP level 1. HP: 21/21 MP: 2/2
    73 | D:1      | HP: 1/21 [goblin/+0 club (3)]
   199 | D:1      | HP: 1/21 [frozen (1)]
   200 | D:1      | Slain by an endoplasm

Illustrated notes

Levels and vault maps discovered:
D:1:      wander_arrival_lonely_grave, layout_rooms,
          shapermc_ecumenical_altar_notcrosses, dk_noncrumbling_3

Action                   || total
-------------------------++-------
Melee: Spear             ||    24
Armor: Robe              ||     1
Dodge: Dodged            ||     8
